Map: Moebius Facility XX-1

Players

Chaoslord

  • Race: Terran Terran
  • Spawn Location: 6:00

Anarchyn

  • Race: Protoss Protoss
  • League: Gold
  • Spawn Location: 7:00

Musumeci - Winner!

  • Race: Zerg Zerg
  • League: Diamond
  • Spawn Location: 6:00

MichyMoko - Winner!

  • Race: Zerg Zerg
  • Spawn Location: 5:00

VOD

Have the link to the VOD?

Description

Time

  • Played on: Feb. 18, 2017, 12:25 p.m.
  • Length: 15:03
Show
View Real Time Build Order
Export as new Build Order

Chaoslord Terran 

Build Orders:  

Get SALT Encoding   

  12  0:01  SCV  
  13  0:13  SCV  
  14  0:19  Supply Depot  
  14  0:25  SCV  
  15  0:40  SCV  
  16  0:43  Barracks  
  16  0:48  Refinery  
  16  0:52  SCV  
  17  1:05  SCV  
  18  1:17  SCV  
  19  1:24  Refinery  
  19  1:29  Orbital Command  
  19  1:32  Reaper  
  20  1:55  SCV  
  21  2:01  Supply Depot  
  21  2:05  Barracks Reactor  
  21  2:07  SCV  
  22  2:14  Factory  
  22  2:25  Command Center  
  22  2:27  SCV  
  23  2:39  SCV  
  23  2:51  SCV  
  23  2:52  Factory  
  23  2:54  Barracks Reactor  
  24  3:03  SCV, Hellion  
  24  3:04  Hellion  
  29  3:12  Supply Depot  
  29  3:15  SCV  
  30  3:27  SCV  
  33  3:34  Hellion  
  33  3:39  Orbital Command  
  33  3:44  Cyclone  
  33  3:46  Hellion  
  38  3:52  SCV  
  39  3:56  Hellion  
  41  4:03  Cyclone  
  41  4:05  SCV  
  41  4:06  SCV  
  41  4:09  Hellion  
  48  4:18  SCV  
  49  4:27  Hellion x2  
  49  4:29  SCV  
  54  4:32  Starport  
  54  4:33  Supply Depot  
  54  4:34  Barracks Tech Lab  
  54  4:39  Supply Depot  
  54  4:54  SCV  
  54  4:55  Hellion  
  57  5:06  SCV x2  
  59  5:08  Hellion x3  
  65  5:16  Hellion  
  65  5:17  Starport Tech Lab  
  65  5:18  SCV  
  65  5:19  Supply Depot  
  68  5:22  Supply Depot  
  68  5:23  Liberator  
  68  5:25  SCV, Supply Depot  
  69  5:30  SCV  
  70  5:39  Supply Depot  
  70  5:41  SCV, Hellion  
  76  5:43  Cyclone x2  
  76  5:45  SCV  
  83  5:53  SCV, Engineering Bay  
  83  5:54  Hellion  
  83  5:57  SCV  
  87  6:00  Supply Depot  
  87  6:13  Armory  
  87  6:28  Hellion  
  87  6:29  Hellion x2, Cyclone  
  91  6:38  Liberator  
  78  6:49  Cyclone  
  78  6:51  Factory  
  84  7:07  Widow Mine x3  
  90  7:12  Refinery  
  90  7:20  Liberator  
  90  7:22  Widow Mine  
  90  7:27  Missile Turret  
  90  7:29  Missile Turret  
  92  7:31  Refinery  
  92  7:36  Widow Mine x2, Factory Tech Lab  
  96  7:40  Command Center  
  96  7:41  Terran Vehicle Weapons Level 1  
  99  7:45  Supply Depot  
  93  8:28  Siege Tank, Cyclone  
  90  8:40  SCV x2  
  89  8:49  Liberator  
  89  8:52  Missile Turret  
  86  8:58  Orbital Command  
  86  9:00  Widow Mine x4, Siege Tank  
  97  9:09  Missile Turret x2  
  100  9:10  Command Center  
  100  9:21  Missile Turret  
  100  9:23  Missile Turret  
  98  9:26  Missile Turret x2  
  98  9:29  Hellion x2  
  102  9:32  Widow Mine x2, Thor  
  102  9:36  Supply Depot  
  110  9:41  Command Center  
  110  9:44  Terran Vehicle Weapons Level 2  
  105  9:50  Widow Mine  
  102  10:10  Hellion x3  
  102  10:13  Orbital Command  
  103  10:36  Thor  
  103  10:38  Widow Mine x4  
  103  10:39  Liberator  
  114  10:45  Missile Turret, Factory  
  114  10:46  Orbital Command  
  114  10:48  Factory, Missile Turret  
  114  10:49  Missile Turret x2  
  114  10:50  Missile Turret  
  114  10:55  Supply Depot  
  117  11:02  Missile Turret  
  117  11:03  SCV x2  
  119  11:07  Hellion x2  
  119  11:08  Hellion  
  125  11:19  Siege Tank  
  118  11:34  Factory Tech Lab  
  116  11:42  Hellion x3  
  116  11:46  Supply Depot  
  122  11:52  Siege Tank  
  121  12:02  Hellion x2  
  121  12:03  Hellion  
  123  12:12  Infernal Pre-Igniter  
  110  12:23  Thor  
  110  12:24  Planetary Fortress, Siege Tank  
  110  12:26  Factory Tech Lab  
  110  12:29  Refinery  
  117  12:52  Widow Mine x2, Missile Turret, Cyclone x2  
  117  12:53  Hellion  
  129  12:59  Missile Turret  
  126  13:06  Siege Tank x2  
  129  13:18  SCV x4  
  133  13:25  Hellion x2  
  111  13:43  Hellion x2, Siege Tank x2  
  111  13:47  Hellion  
  74  14:06  Siege Tank  
  56  14:18  Siege Tank  
  57  14:35  Hellion x2  
Show
View Real Time Build Order
Export as new Build Order

Anarchyn Protoss 

Build Orders: Oracle Opening 

Get SALT Encoding   

  12  0:01  Probe (Chrono Boost)  
  13  0:11  Probe (Chrono Boost)  
  14  0:21  Pylon  
  14  0:22  Probe (Chrono Boost)  
  15  0:39  Gateway, Probe (Chrono Boost)  
  16  0:46  Assimilator  
  16  0:50  Probe (Chrono Boost)  
  17  1:00  Probe (Chrono Boost)  
  17  1:04  Pylon  
  19  1:11  Probe (Chrono Boost)  
  19  1:18  Assimilator  
  19  1:22  Probe (Chrono Boost)  
  20  1:29  Cybernetics Core  
  20  1:48  Probe (Chrono Boost)  
  21  1:58  Probe (Chrono Boost)  
  22  2:07  Stargate  
  22  2:09  Probe (Chrono Boost)  
  22  2:11  Adept  
  22  2:12  Gateway  
  25  2:32  Nexus  
  25  2:37  Mothership Core (Chrono Boost)  
  27  2:48  Adept  
  29  3:05  Warp Gate, Probe (Chrono Boost)  
  30  3:11  Pylon  
  30  3:26  Oracle  
  30  3:27  Pylon  
  30  3:32  Assimilator  
  33  3:39  Probe (Chrono Boost)  
  34  3:48  Adept x2  
  36  3:51  Probe (Chrono Boost)  
  39  3:56  Probe (Chrono Boost)  
  39  3:57  Oracle  
  43  4:15  Assimilator  
  43  4:31  Phoenix  
  46  4:39  Probe (Chrono Boost)  
  46  4:45  Robotics Facility, Probe (Chrono Boost)  
  47  4:51  Probe (Chrono Boost)  
  48  4:56  Probe (Chrono Boost)  
  48  4:58  Phoenix  
  51  5:14  Probe (Chrono Boost)  
  53  5:15  Probe (Chrono Boost)  
  53  5:19  Gateway  
  53  5:23  Pylon  
  53  5:24  Probe (Chrono Boost)  
  53  5:27  Probe (Chrono Boost)  
  55  5:35  Stalker x2  
  59  5:41  Immortal  
  63  5:53  Probe (Chrono Boost)  
  64  5:58  Robotics Bay  
  64  6:06  Pylon  
  64  6:39  Stalker x2  
  50  6:48  Colossus  
  50  6:50  Extended Thermal Lance  
  54  7:18  Pylon  
  54  7:19  Stalker, Sentry  
  54  7:20  Stalker  
  54  7:22  Gateway, Nexus  
  60  7:24  Void Ray  
  64  7:33  Forge  
  66  7:37  Probe (Chrono Boost)  
  66  7:38  Probe (Chrono Boost)  
  66  7:45  Colossus  
  70  8:15  Assimilator  
  70  8:17  Assimilator, Probe (Chrono Boost)  
  70  8:18  Probe (Chrono Boost)  
  75  8:34  Protoss Air Weapons Level 1  
  75  8:38  Colossus  
  75  8:40  Phoenix  
  80  8:49  Probe x2 (Chrono Boost)  
  80  8:50  Probe (Chrono Boost)  
  83  9:05  Phoenix  
  85  9:15  Probe x2 (Chrono Boost)  
  85  9:16  Stalker x2, Probe (Chrono Boost)  
  92  9:26  Protoss Ground Weapons Level 1  
  92  9:30  Forge  
  93  9:32  Pylon, Probe (Chrono Boost)  
  93  9:35  Photon Cannon  
  93  9:37  Photon Cannon  
  93  9:49  Phoenix  
  93  9:50  Observer  
  93  9:51  Photon Cannon  
  96  9:53  Photon Cannon  
  84  10:14  Phoenix  
  86  10:38  Stalker x3  
  86  10:39  Stalker  
  86  10:40  Protoss Ground Armor Level 1  
  86  10:42  Gateway  
  94  10:52  Probe x2 (Chrono Boost)  
  94  10:53  Probe (Chrono Boost)  
  94  10:54  Photon Cannon  
  94  10:57  Photon Cannon  
  97  11:10  Pylon  
  97  11:11  Pylon  
  97  11:12  Pylon  
  97  11:14  Pylon x2  
  97  11:16  Probe (Chrono Boost)  
  97  11:17  Probe (Chrono Boost)  
  99  11:21  Photon Cannon  
  99  11:27  Colossus  
  99  11:31  Stalker  
  99  11:32  Stalker x3  
  112  11:36  Protoss Shields Level 1  
  112  11:40  Twilight Council  
  112  11:52  Robotics Facility  
  112  12:06  Stalker  
  114  12:21  Colossus  
  120  12:26  Nexus  
  120  12:36  Stalker x2  
  124  12:37  Stalker x2  
  124  12:39  Protoss Ground Weapons Level 2  
  128  12:47  Gateway  
  128  12:54  Protoss Air Armor Level 1  
  128  13:04  Templar Archives  
  128  13:06  Gateway  
  128  13:08  Gateway  
  128  13:09  Observer  
  129  13:15  Observer  
  129  13:17  Probe x2 (Chrono Boost)  
  129  13:19  Probe (Chrono Boost)  
  133  13:31  Probe (Chrono Boost)  
  67  14:15  Stalker x3  
  67  14:16  Stalker x2  
  74  14:40  Stalker x3  
  74  14:41  Stalker x2  
  74  14:42  Stalker  
  58  14:59  High Templar  
Show
View Real Time Build Order
Export as new Build Order

Musumeci Zerg - Winner!

Build Orders: Hatch First 

Get SALT Encoding   

  12  0:01  Drone  
  13  0:08  Drone  
  14  0:16  Extractor  
  14  0:17  Drone  
  15  0:41  Hatchery  
  14  0:45  Drone, Extractor  
  15  0:58  Extractor  
  15  1:02  Spawning Pool  
  14  1:23  Drone, Extractor  
  14  1:25  Extractor  
  13  1:30  Drone  
  16  1:34  Overlord  
  16  1:51  Queen  
  16  1:52  Drone x2  
  16  1:54  Queen  
  20  1:55  Drone  
  20  1:58  Drone  
  24  2:04  Drone  
  25  2:09  Overlord  
  25  2:18  Drone  
  26  2:27  Queen  
  26  2:29  Extractor  
  27  2:33  Extractor  
  26  2:37  Queen  
  26  2:40  Extractor  
  27  2:50  Drone x2  
  27  2:51  Roach Warren  
  28  3:10  Drone x2  
  28  3:11  Drone x4  
  34  3:39  Drone  
  34  3:40  Drone  
  36  3:59  Overlord x2  
  36  4:00  Overlord x2  
  36  4:04  Drone, Evolution Chamber x2  
  36  4:05  Drone  
  36  4:07  Lair  
  38  4:18  Drone x7  
  44  4:33  Drone  
  44  4:34  Drone x3  
  48  4:39  Spore Crawler  
  48  4:41  Spore Crawler  
  48  4:43  Extractor  
  45  4:46  Roach  
  45  4:47  Roach x2  
  51  5:18  Drone x3  
  51  5:20  Evolution Chamber x2  
  52  5:26  Hydralisk Den  
  52  5:27  Glial Reconstitution  
  51  5:29  Roach x4  
  59  5:50  Hatchery  
  59  5:52  Zerg Ground Armor Level 1, Zerg Missile Weapons Level 1  
  59  5:54  Drone x2  
  59  5:55  Overlord x2  
  60  6:17  Roach x8  
  73  6:30  Roach  
  73  7:02  Hatchery  
  73  7:05  Roach x2  
  73  7:06  Overlord x7  
  76  7:24  Ravager x2  
  76  7:25  Ravager x7  
  76  7:26  Ravager  
  76  7:28  Hydralisk  
  88  7:34  Drone x4, Extractor  
  91  7:37  Drone  
  90  8:06  Hydralisk x7  
  90  8:09  Overlord x2  
  104  8:17  Queen  
  106  8:23  Roach x3  
  106  8:24  Roach x2  
  116  8:28  Extractor  
  116  8:30  Extractor  
  114  8:35  Hydralisk x3  
  120  8:45  Roach x3  
  126  8:51  Roach x2  
  130  9:04  Drone  
  130  9:05  Drone x2  
  130  9:06  Drone x3  
  130  9:07  Drone  
  137  9:11  Zerg Missile Weapons Level 2  
  137  9:21  Zerg Ground Armor Level 2  
  137  9:31  Overseer  
  113  9:54  Ravager x5  
  118  10:02  Roach  
  118  10:03  Roach x6  
  103  10:23  Roach  
  103  10:24  Roach x12  
  103  10:27  Drone  
  103  10:28  Drone  
  123  10:48  Roach  
  123  10:49  Roach x6  
  136  11:11  Ravager x8  
  136  11:14  Overlord x3  
  136  11:15  Overlord x2  
  133  11:43  Ravager x6  
  136  11:59  Roach x5  
  136  12:00  Roach x7  
  160  12:06  Roach x4  
  153  12:19  Roach x4  
  157  12:29  Infestation Pit  
  150  12:55  Roach x10  
  166  13:04  Ravager x6  
  169  13:18  Roach x5  
  163  13:48  Roach x9  
  132  13:59  Roach x4  
  118  14:22  Ravager x10  
  118  14:23  Ravager  
  111  14:41  Roach x7  
Show
View Real Time Build Order
Export as new Build Order

MichyMoko Zerg - Winner!

Build Orders: Hatch First 

Get SALT Encoding   

  12  0:02  Drone  
  13  0:12  Overlord  
  13  0:17  Drone  
  14  0:30  Drone x2  
  16  0:37  Drone  
  17  0:57  Hatchery  
  17  1:02  Drone  
  17  1:11  Spawning Pool  
  17  1:13  Drone  
  17  1:26  Drone x2, Extractor  
  18  1:33  Drone  
  19  1:46  Drone  
  20  1:57  Drone  
  21  2:01  Overlord  
  21  2:08  Queen  
  21  2:10  Zergling x2  
  21  2:13  Queen  
  26  2:21  Drone  
  26  2:22  Drone  
  28  2:40  Drone x3  
  31  2:59  Drone x4  
  31  3:03  Overlord  
  35  3:10  Metabolic Boost  
  35  3:13  Zergling x2  
  35  3:14  Roach Warren  
  35  3:15  Drone  
  36  3:22  Queen  
  36  3:24  Drone x3  
  36  3:25  Drone  
  42  3:31  Extractor  
  41  3:37  Drone x2  
  43  4:09  Lair  
  43  4:13  Drone  
  43  4:14  Overlord x2  
  43  4:37  Spore Crawler  
  42  4:45  Spore Crawler  
  41  5:09  Roach x5  
  51  5:16  Glial Reconstitution  
  51  5:21  Extractor  
  51  5:22  Drone  
  51  5:23  Drone x5, Extractor  
  55  5:34  Spire  
  54  5:38  Overseer  
  54  5:53  Roach x2  
  54  5:55  Ravager  
  59  5:57  Overlord  
  59  5:58  Overlord x2  
  58  6:13  Roach  
  58  6:18  Roach x4  
  66  6:19  Roach x6  
  82  6:33  Roach x3  
  82  6:39  Zergling x6  
  78  7:31  Mutalisk x3  
  78  7:33  Overlord x3  
  84  7:43  Hatchery  
  82  8:00  Mutalisk  
  82  8:01  Mutalisk x2  
  88  8:17  Mutalisk x5  
  98  8:26  Roach x2  
  98  8:27  Roach x4  
  107  8:40  Overlord  
  107  8:41  Overlord x3  
  107  9:09  Zerg Flyer Armor Level 1  
  107  9:11  Corruptor  
  107  9:12  Corruptor x4  
  107  9:14  Roach x2  
  107  9:15  Evolution Chamber  
  120  9:18  Evolution Chamber  
  120  9:22  Drone x2  
  120  9:23  Drone x3  
  124  9:51  Spore Crawler  
  119  10:02  Roach x5  
  129  10:08  Mutalisk x3  
  127  10:38  Corruptor x2  
  127  10:39  Mutalisk x3  
  137  10:54  Drone, Extractor  
  137  10:55  Drone x5  
  142  11:00  Extractor  
  141  11:09  Roach  
  141  11:10  Roach  
  145  11:14  Overlord  
  145  11:15  Overlord x4  
  138  11:46  Roach  
  142  11:47  Roach x8  
  156  11:59  Queen  
  158  12:22  Roach x4  
  166  12:23  Roach x8  
  176  12:56  Ravager x3  
  176  12:57  Corruptor x2, Ravager x2  
  185  12:59  Overlord x2  
  185  13:00  Overlord x3  
  185  13:03  Zerg Missile Weapons Level 1  
  185  13:04  Zerg Ground Armor Level 1  
  185  13:15  Overlord x2  
  185  13:21  Roach x4  
  185  13:22  Roach x3  
  121  14:20  Roach  
  121  14:21  Roach x9  
  121  14:22  Roach x11  
Tags
 
Add a new tag
Caveats
  • Supply blocks, unpowered buildings, or Contaminate may cause inaccurate times.
  • Supply counts are checked every 10 seconds.